 Dungeon Crawl Stone Soup version 0.26.1-11-gd32895ea62 (webtiles) character file.

Game seed: 11909357253630824182

82 Arcadio the Grave Robber (level 4, -4/33 HPs)
             Began as a Hill Orc Necromancer on May 21, 2021.
             Slain by a killer bee zombie (6 damage)
             ... on level 3 of the Dungeon.
             The game lasted 00:05:27 (2448 turns).

Arcadio the Grave Robber (Hill Orc Necromancer)     Turns: 2448, Time: 00:05:28

Health: -4/33      AC:  3    Str: 10    XL:     4   Next: 43%
Magic:  6/6        EV: 13    Int: 16    God:
Gold:   141        SH:  0    Dex: 11    Spells: 1/6 levels left

rFire    . . .     SeeInvis .   k - +3 whip
rCold    . . .     Faith    .   (no shield)
rNeg     . . .     Spirit   .   a - +1 robe
rPois    .         Reflect  .   (no helmet)
rElec    .         Harm     .   (no cloak)
rCorr    .         Rampage  .   (no gloves)
Will     .....                  (no boots)
Stlth    ++........             (no amulet)
HPRegen  0.11/turn              (no ring)
MPRegen  0.10/turn              (no ring)

@: no status effects
A: no striking features
a: no special abilities


You were on level 3 of the Dungeon.
You visited 1 branch of the dungeon, and saw 3 of its levels.

You collected 141 gold pieces.

Inventory:

Hand Weapons
 c - a +0 dagger
 k - a +3 whip (weapon)
Armour
 a - a +1 robe (worn)
 f - a +2 pair of boots
Scrolls
 l - a scroll of noise {unknown}
 o - a scroll of enchant armour
Potions
 b - a potion of curing
 d - 2 potions of brilliance
 e - a potion of flight {unknown}
 g - a potion of might {unknown}
 h - a potion of attraction {unknown}
 i - 2 potions of lignification
 n - a potion of haste {unknown}


   Skills:
 + Level 2.8 Dodging
 - Level 1.5 Stealth
 - Level 1.5 Spellcasting
 + Level 4.9 Necromancy


You had one spell level left.
You knew the following spells:

 Your Spells              Type           Power        Failure   Level
a - Pain                  Necr           68%          2%          1
b - Animate Skeleton      Necr           34%          2%          1
c - Vampiric Draining     Necr           8%           9%          3

Your spell library contained the following spells:

 Spells                   Type           Power        Failure   Level
 Animate Dead             Necr           8%           28%         4
 Agony                    Necr           17%          61%         5


Dungeon Overview and Level Annotations

Branches:
Dungeon (3/15)

Altars:


Message History

There is a stone staircase leading up here.
You hit the killer bee zombie.
The killer bee zombie is moderately damaged.
The killer bee zombie hits you.
* * * LOW HITPOINT WARNING * * *
The killer bee zombie completely misses you.
You closely miss the killer bee zombie.
The killer bee zombie is moderately damaged.
The killer bee zombie barely misses you.
The killer bee zombie hits you.
* * * LOW HITPOINT WARNING * * *
The killer bee zombie barely misses you.
The killer bee zombie hits you.
* * * LOW HITPOINT WARNING * * *
The killer bee zombie barely misses you.
The killer bee zombie misses you. The killer bee zombie hits you.
* * * LOW HITPOINT WARNING * * *
The killer bee zombie hits you.
You die...

#.#.######
.....§§§§#
##..###§§#
#§§ #§§#
#§§ #§§#
#.. #..#
#..###..#
#..@Z...#
#...###.#
#...# #.#
#...# ...
#...# ...#
#.... ....
##... ....
##..


You could see a killer bee zombie.

Vanquished Creatures
  Jessica (D:2)
  2 adders
  A worm (D:2)
  4 bats
  2 giant cockroaches
  5 goblins
  4 hobgoblins (D:2)
  A quokka (D:2)
  11 kobolds
  2 rats (D:1)
33 creatures vanquished.

Vanquished Creatures (collateral kills)
  A ball python (D:2)
1 creature vanquished.

Grand Total: 34 creatures vanquished

Notes
Turn   | Place    | Note
-------+----------+-------------------------------------------
     0 | D:1      | Arcadio the Hill Orc Necromancer began the quest for the
                  | Orb.
     0 | D:1      | Reached XP level 1. HP: 14/14 MP: 3/3
     2 | D:1      | Learned a level 1 spell: Animate Skeleton
   250 | D:1      | Reached XP level 2. HP: 18/20 MP: 1/4
   964 | D:2      | Reached XP level 3. HP: 21/26 MP: 0/5
   998 | D:2      | Noticed Jessica
  1008 | D:2      | Killed Jessica
  1204 | D:1      | Reached XP level 4. HP: 29/33 MP: 6/6
  1602 | D:2      | Learned a level 3 spell: Vampiric Draining
  2448 | D:3      | Slain by a killer bee zombie

Illustrated notes

Levels and vault maps discovered:
D:1:      evilmike_arrival_fibonacci_small, layout_loops_cross
D:2:      layout_loops_ring, kennysheep_small_spiral, uniq_jessica
D:3:      layout_loops_ring, marbit_many_paths, xom_butterflies,
          amethyst_overflow_temple_binary

Skill      XL: |  1  2 |
---------------+-------+-----
Dodging        | 2 |  2.8
Stealth        | |  1.5
Spellcasting   | |  1.5
Necromancy     | |  4.9

Action                   |  1- 3 |  4- 6 || total
-------------------------+-------+-------++-------
Melee: Dagger            |    17 |       ||    17
       Whip              |       |    15 ||    15
 Cast: Pain              |    24 |    28 ||    52
       Animate Skeleton  |     5 |     1 ||     6
  Use: Scroll            |     3 |     3 ||     6
       Potion            |     2 |       ||     2
 Stab: Sleeping          |     1 |       ||     1
Armor: Robe              |     5 |     8 ||    13
Dodge: Dodged            |    20 |    37 ||    57
